 Dungeon Crawl Stone Soup version 0.28.0-1-gb440e238dd (webtiles) character file.

Game seed: 8625048862526085740

60 hikkokomori the Digger (level 4, -8/24 HPs)
             Began as a Gargoyle Earth Elementalist on Feb 26, 2022.
             Mangled by Sigmund (11 damage)
             ... on level 2 of the Dungeon.
             The game lasted 00:03:47 (1581 turns).

hikkokomori the Digger (GrEE)                       Turns: 1581, Time: 00:03:48

Health: -8/24      AC:  5    Str: 14    XL:     4   Next: 6%
Magic:  8/8        EV: 11    Int: 15    God:
Gold:   48         SH:  0    Dex: 10    Spells: 8/9 levels left

rFire   . . .      SeeInvis .   i - +0 spear (vamp)
rCold   . . .      Faith    .   (no shield)
rNeg    + . .      Spirit   .   b - +0 robe
rPois   ∞          Reflect  .   (no helmet)
rElec   +          Harm     .   h - scarf {shadows}
rCorr   .          Rampage  .   (no gloves)
Will    .....                   (no boots)
Stlth   ++........              (no amulet)
HPRegen 0.08/turn               (no ring)
MPRegen 0.11/turn               (no ring)

@: no status effects
A: sickness immunity, AC +3, negative energy resistance 1, electricity
resistance, torment resistance 1, petrification resistance
a: no special abilities


You were on level 2 of the Dungeon.
You visited 1 branch of the dungeon, and saw 2 of its levels.

You collected 48 gold pieces.

Inventory:

Hand Weapons
 d - a +0 club
 i - a +0 vampiric spear (weapon)
Missiles
 c - 18 stones
Armour
 b - a +0 robe (worn)
 h - a scarf of shadows (worn)
Scrolls
 f - 2 scrolls of identify {unknown}
 j - a scroll of vulnerability {unknown}
Potions
 a - a potion of mutation {unknown}
 e - a potion of berserk rage {unknown}
 g - a potion of ambrosia {unknown}


   Skills:
 - Level 1.5 Dodging
 - Level 2.1 Stealth
 + Level 3.1 Spellcasting
 - Level 0.7 Transmutations
 + Level 4.8 Earth Magic


You had 8 spell levels left.
You knew the following spells:

 Your Spells              Type           Power      Damage    Failure   Level
a - Sandblast             Erth           32%        2d9       2%          1

Your spell library contained the following spells:

 Spells                   Type           Power      Damage    Failure   Level
 Passwall                 Tmut/Erth      8%         N/A       10%         2
 Stone Arrow              Conj/Erth      18%        3d8       22%         3
 Petrify                  Tmut/Erth      10%        N/A       54%         4


Dungeon Overview and Level Annotations

Branches:
Dungeon (2/15)

Altars:
Xom

Annotations:
D:2 Sigmund


Innate Abilities, Weirdness & Mutations

You are immune to sickness and miasma.
Your stone body is resilient. (AC +3)
You are immune to poison.
You resist negative energy. (rN+)
You are resistant to electric shocks. (rElec)
You are resistant to unholy torment.
You are immune to petrification.


Message History

No target in view!
No target in view!
No target in view!
No target in view!
No target in view!
No target in view!
No target in view!
No target in view!
No target in view!
No target in view!
You now have 23 gold pieces (gained 14).
j - a scroll labelled JAORA ZYNGUSS
Found a stone staircase leading down.
You now have 39 gold pieces (gained 16).
You now have 48 gold pieces (gained 9).
Items here: )) ÷÷.
Sigmund the Dreaded comes into view.
He is wielding a +0 scythe.
Sigmund gestures at you while chanting. The magic dart hits you.
Sigmund is nearby!
Sigmund is nearby!
Sigmund is nearby!
Sigmund hits you with a +0 scythe.
You hit Sigmund.
You feel better.
Sigmund is lightly wounded.
Sigmund closely misses you.
You closely miss Sigmund.
Sigmund is lightly wounded.
Sigmund hits you with a +0 scythe!
You hit Sigmund but do no damage.
Sigmund is lightly wounded.
You closely miss Sigmund.
Sigmund is lightly wounded.
Sigmund mumbles some strange words.
Sigmund flickers and vanishes!
Deactivating autopickup; reactivate with Ctrl-A.
Something hits you!
* * * LOW HITPOINT WARNING * * *
Something hits you!
You die...

############## ####............#
..........#####.##
.###.####..).....# .#
#.##########..###
.###...............#
.#.....##.#####.@#.##############
.#.#.>###.# #.................#
.#.#..# #.# #.##{############.#
...#..###.#####.##.# #.#
#..#......†...).##.# #.#
#..##.###.########.# #.# #..##.#
#.# #.# #.# #..##.# #.########.##
#.# #...#.# #...........# #.#


There were no monsters in sight!

Vanquished Creatures
  3 gnolls (D:2)
  A worm (D:2)
  A dart slug (D:1)
  2 ball pythons (D:1)
  A bat (D:1)
  An endoplasm (D:1)
  3 goblins
  5 hobgoblins (D:1)
  3 jackals (D:1)
  4 kobolds (D:1)
  4 rats
28 creatures vanquished.

Notes
Turn   | Place    | Note
-------+----------+-------------------------------------------
     0 | D:1      | hikkokomori the Gargoyle Earth Elementalist began the quest
                  | for the Orb.
     0 | D:1      | Reached XP level 1. HP: 10/10 MP: 3/3
   228 | D:1      | Reached XP level 2. HP: 13/15 MP: 0/5
   317 | D:1      | Reached skill level 4 in Earth Magic
   455 | D:1      | Found a faded altar of an unknown god.
   874 | D:1      | Reached XP level 3. HP: 19/19 MP: 4/6
  1313 | D:2      | Reached XP level 4. HP: 10/24 MP: 0/8
  1482 | D:2      | Found a shimmering altar of Xom.
  1559 | D:2      | Noticed Sigmund
  1581 | D:2      | Mangled by Sigmund

Illustrated notes

Levels and vault maps discovered:
D:1:      scummos_arrival_star, layout_loops_ring,
          hellmonk_ecumenical_altar_run_dry
D:2:      layout_loops_ring, basic_altar, minmay_three_crescents, uniq_sigmund,
          uniq_crazy_yiuf_cottage

Skill      XL: |  1  2  3 |
---------------+----------+-----
Earth Magic    | 4 |  4.8
Spellcasting   | 3 |  3.1
Dodging        | |  1.5
Stealth        | |  2.1
Transmutations | |  0.7

Action                   |  1- 3 |  4- 6 || total
-------------------------+-------+-------++-------
Melee: Unarmed           |     9 |       ||     9
       Club              |    29 |       ||    29
       Spear             |    13 |     6 ||    19
 Cast: Sandblast         |    33 |       ||    33
 Stab: Sleeping          |     2 |       ||     2
Armor: Robe              |    14 |       ||    14
Dodge: Dodged            |    34 |     1 ||    35
